 Dungeon Crawl Stone Soup version 0.26.0-10-g1f06aea511 (webtiles) character file.

Game seed: 12289440228834585819

23 sanka the Covert (level 3, 0/34 HPs)
             Began as a Naga Delver on Jan 20, 2021.
             Slain by a lemure (2 damage)
             ... led by Pikel
             ... on level 4 of the Dungeon.
             The game lasted 00:00:36 (118 turns).

sanka the Covert (Naga Delver)                       Turns: 118, Time: 00:00:37

Health: 0/34       AC:  2    Str: 14    XL:     3   Next: 0%
Magic:  3/3        EV:  9    Int: 11    God:
Gold:   21         SH:  0    Dex: 12    Spells: 2/2 levels left

rFire    . . .     SeeInvis +   a - +0 hand axe
rCold    . . .     Faith    .   (no shield)
rNeg     . . .     Spirit   .   b - +0 leather armour
rPois    +         Reflect  .   (no helmet)
rElec    .         Harm     .   (no cloak)
rCorr    .         Rampage  .   (no gloves)
Will     .....                  (no barding)
Stlth    ++++......             (no amulet)
HPRegen  0.11/turn              (no ring)
MPRegen  0.08/turn              j - ring of stealth

@: short of breath, very slow
A: large, see invisible, deformed body, poison resistance, slowness 2, spit
poison 1, AC +1
a: Spit Poison


You were on level 4 of the Dungeon.
You visited 1 branch of the dungeon, and saw 2 of its levels.

You collected 21 gold pieces.


Innate Abilities, Weirdness & Mutations

You cannot wear boots.
Your serpentine skin is tough. (AC +1)
You have supernaturally acute eyesight. (SInv)
Armour fits poorly on your strangely shaped body.
Your system is resistant to poisons. (rPois)
You cover ground very slowly.
You can spit poison.


   Skills:
 + Level 3.5 Fighting
 - Level 2.0 Axes
 - Level 1.5 Dodging
 - Level 8.0 Stealth


You had 2 spell levels left.
You didn't know any spells.
Your spell library was empty.

Inventory:

Hand Weapons
 a - a +0 hand axe (weapon)
Armour
 b - a +0 leather armour (worn)
 k - a +2 leather armour of cold resistance
Jewellery
 j - a ring of stealth (right hand)
Wands
 g - a wand of digging (3)
Scrolls
 c - a scroll of fog
 d - 2 scrolls of magic mapping
 e - a scroll of fear
 i - a scroll of teleportation {unknown}
Potions
 f - a potion of haste {@q3}
 h - a potion of curing {unknown}

Dungeon Overview and Level Annotations

Branches:
Dungeon (5/15)
 Temple: D:4-7

Altars:

▒▒▒▒▒▒▒▒▒▒▒▒▒▒▒▒▒▒▒▒▒▒▒
▒.....†......5N.......▒
▒.▒▒▒▒▒▒▒▒▒▒▒▒▒▒▒▒▒▒▒.▒
▒. ▒.<.▒ ▒. ▒.▒▒▒ ..
▒.▒ .5 ▒▒▒.▒ 5.. ▒...▒
... ▒...▒ ▒...▒


You could see a lemure (poisoned).


Message History

You kill the worker ant!
Training target 8.0 for Stealth reached!
Your Stealth skill increases to level 8!
You need to enable at least one skill for training.
You have reached level 2!
You have reached level 3!
Your experience leads to an increase in your attributes!
Increase (s)trength, (i)ntelligence, or (d)exterity?
You feel clever.
Your skin feels tougher.
Unknown command.
Use which ability? (? or * to list)
Aim: a lemure The splash of poison hits the lemure.
The lemure is poisoned.
The lemure is lightly wounded.
The lemure closely misses you. The lemure hits you!
* * * LOW HITPOINT WARNING * * *
You have got your breath back.
The lemure looks more healthy.
Use which ability? (? or * to list)
Aim: a lemure (moderately wounded)
The splash of poison hits the lemure.
The lemure is poisoned.
The lemure is heavily wounded.
The lemure hits you.
* * * LOW HITPOINT WARNING * * *
The lemure hits you.
You die...

Action                   || total
-------------------------++-------
 Abil: Spit Poison       ||     4
Armor: Leather armour    ||     1
Dodge: Dodged            ||     2

Levels and vault maps discovered:
D:4:      layout_basic, uniq_pikel
D:5:      layout_rooms, minmay_parallelograms

Notes
Turn   | Place    | Note
-------+----------+-------------------------------------------
     0 | D:5      | sanka the Naga Delver began the quest for the Orb.
     0 | D:5      | Reached XP level 1. HP: 21/21 MP: 1/1
   102 | D:4      | Noticed a lemure
   102 | D:4      | Noticed a worker ant
   103 | D:4      | Noticed a lemure
   110 | D:4      | Killed a worker ant
   111 | D:4      | Reached skill level 8 in Stealth
   111 | D:4      | Reached XP level 2. HP: 12/28 MP: 2/2
   111 | D:4      | Reached XP level 3. HP: 15/34 MP: 3/3
   117 | D:4      | HP: 2/34 [lemure[Pikel] (6)]
   118 | D:4      | Slain by a lemure

Vanquished Creatures
  A worker ant (D:4)
1 creature vanquished.

Table legend: (Time is in decaauts)
 A = Elapsed time spent in this place.
 B = Non-inter-level travel time spent in this place.
 C = Inter-level travel time spent in this place.
 D = Time resting spent in this place.
 E = Time spent auto-exploring this place.
 F = Levels seen in this place.
 G = Mean time per level.
                   A        B        C        D        E       F      G
               +--------+--------+--------+--------+--------+-----+--------+
         Total |    158 |    158 |      0 |      0 |     67 |   2 |   79.0 |
       Dungeon |    158 |    158 |      0 |      0 |     67 |   2 |   79.0 |
               +--------+--------+--------+--------+--------+-----+--------+

Top non-repeatable levels by time:
     D:4: 90 daAuts
     D:5: 68 daAuts
